 Dungeon Crawl Stone Soup version 0.32-a0-40-g2adb59a (webtiles) character file.

Game seed: 17206038909496155981

79 Dorkslayer the Ruffian (level 4, -6/28 HPs)
             Began as an Octopode Shapeshifter on Jan 24, 2024.
             Mangled by a gnoll
             ... wielding a +0 flail
              (11 damage)
             ... on level 2 of the Dungeon.
             The game lasted 00:02:42 (1090 turns).

Dorkslayer the Ruffian (Octopode Shapeshifter)      Turns: 1090, Time: 00:02:42

Health: -6/28      AC:  1    Str: 15    XL:     4   Next: 37%
Magic:  4/4        EV: 13    Int: 12    God:
Gold:   53         SH:  0    Dex: 11    Spells: 3/3 levels left

rFire   . .          .
                       - Unarmed
rCold   . . .        (no shield)
rNeg    . . .        (helmet currently unavailable)
rPois   .            (no amulet)
rElec   .            (no ring)
rCorr   .            (no ring)
SInv    .            (no ring)
Will    .....        (no ring)
Stlth   +++          (no ring)
HPRegen 0.24/turn    (no ring)
MPRegen 0.09/turn    (no ring)
                     (no ring)

%: no passive effects
@: beast-form
A: beast (slay +2), almost no armour, amphibious, 8 rings, camouflage 1,
gelatinous body 1, (nimble swimmer 1), tentacles
a: Begin Untransformation


You were on level 2 of the Dungeon.
You were a hulking beast.
You visited 1 branch of the dungeon, and saw 2 of its levels.

You collected 53 gold pieces.

Inventory:

Talismans
 b - a beast talisman
 c - a flux talisman
Potions
 a - a potion of enlightenment {unknown}
 d - a potion of attraction {unknown}
 f - 2 potions of curing


   Skills:
 + Level 1.0 Fighting
 + Level 2.0 Dodging
 + Level 1.3 Stealth
 * Level 4.3 Unarmed Combat
 + Level 3.5 Shapeshifting


You had 3 spell levels left.
You didn't know any spells.
Your spell library contained the following spells:

 Spells                   Type           Power      Damage    Failure   Level
 Sandblast                Erth           0%         2d4       32%         1
 Passwall                 Erth           0%         N/A       69%         3
 Stone Arrow              Conj/Erth      0%         3d7       69%         3
 Brom's Barrelling Bould  Conj/Erth      0%         2d3       97%         4


Dungeon Overview and Level Annotations

Branches:
Dungeon (2/15)

Altars:


Innate Abilities, Weirdness & Mutations

You are a hulking beast.
Your limbs bulge with bestial killing power. (Slay +2)
You cannot wear most types of armour.
You are amphibious.
You can wear up to eight rings at the same time.
Your skin changes colour to match your surroundings (Stealth+).
Your rubbery body absorbs attacks. (AC +1, EV +1)
((You are camouflaged when in or above water. (Stealth+)))
You have tentacles for arms and can constrict up to eight enemies at once.


Message History

Press: ? - help, Q - select action Shift-Dir - straight line, f - gnoll, p - gnoll
Aim: a gnoll, wielding a +0 halberd (heavily wounded, 58% to hit)
You throw a javelin. The javelin closely misses the gnoll.
The javelin pierces through the gnoll.
The gnoll is severely wounded.
The gnoll hits you with a +0 club.
Throw: javelin
Press: ? - help, Q - select action Shift-Dir - straight line, f/p - gnoll
Aim: a gnoll, wielding a +0 halberd (severely wounded, 58% to hit)
You throw a javelin. The javelin pierces through the gnoll.
The gnoll is heavily wounded.
The javelin misses the goblin.
The javelin pierces through the gnoll.
You kill the gnoll!
The javelin pierces through the ribbon worm.
The ribbon worm is lightly wounded.
The gnoll misses you. The gnoll hits you with a +0 club.
You have reached level 4!
Okay, then.
You tentacle-slap the gnoll. You grab the gnoll.
The gnoll is severely wounded.
You constrict the gnoll. The gnoll hits you with a +0 club.
You bludgeon the gnoll!
You kill the gnoll!
You barely miss the goblin. You grab the goblin. You constrict the goblin.
The goblin barely misses you.
You tentacle-slap the goblin.
You kill the goblin!
You tentacle-slap the gnoll. Your grab misses the gnoll.
The gnoll is moderately wounded.
The gnoll hits you with a +0 flail!
* * * LOW HITPOINT WARNING * * *
You tentacle-slap the gnoll. You grab the gnoll. You squeeze the gnoll!
You kill the gnoll!
You closely miss the gnoll. Your grab misses the gnoll.
The gnoll barely misses you.
You bludgeon the gnoll! Your grab misses the gnoll.
Your squeeze misses the gnoll.
The gnoll is heavily wounded.
The gnoll hits you with a +0 flail!
You die...

#.# #.# #.# #.#
######### #.#
#.......# . #.#######
#.#......
#.#####.#(....# #####
#.#..##.#
..............###...#
#.#..##<#
...#.....(...)wgh...#
#.#.....#
..w...........###...#
#.#......
..###.#.#.....#
##.######.####..#
.>g.g.#.#######
#..............#
..#####.#
#.######.####.##
##+## #.# #.# #.#
##...## #.#### #.#
#.# ##.....## ##....#
#.# #.## ##.......##
##..##.###.# #..#


You could see a ribbon worm and a gnoll.

Vanquished Creatures
  3 gnolls (D:2)
  An adder (D:2)
  A dart slug (D:1)
  5 ball pythons (D:1)
  4 bats
  4 endoplasms (D:1)
  5 goblins
  3 hobgoblins (D:1)
  3 quokkas
  3 kobolds (D:1)
  3 rats (D:1)
35 creatures vanquished.

Notes
Turn   | Place    | Note
-------+----------+-------------------------------------------
     0 | D:1      | Dorkslayer the Octopode Shapeshifter began the quest for
                  | the Orb.
     0 | D:1      | Reached XP level 1. HP: 13/13 MP: 1/1
    33 | D:1      | Reached XP level 2. HP: 7/18 MP: 2/2
   301 | D:1      | Reached skill level 1 in Stealth
   324 | D:1      | Reached XP level 3. HP: 18/23 MP: 3/3
   601 | D:2      | Reached skill level 4 in Unarmed Combat
  1083 | D:2      | Reached XP level 4. HP: 18/28 MP: 4/4
  1090 | D:2      | Mangled by a gnoll

Illustrated notes

Levels and vault maps discovered:
D:1:      minmay_arrival_arboretum_small, layout_rooms,
          chequers_serial_rivers_micro_c, serial_bayou_crossing
D:2:      layout_loops_corners

Skill      XL: |  1  2  3 |
---------------+----------+-----
Stealth        | 1 |  1.3
Unarmed Combat | 4 |  4.3
Fighting       | |  1.0
Dodging        | |  2.0
Shapeshifting  | |  3.5

Action                     |  1- 3 |  4- 6 || total
---------------------------+-------+-------++-------
  Melee: Unarmed           |    68 |     8 ||    76
         Constrict         |    18 |     3 ||    21
         Punch             |     4 |       ||     4
         Tentacles         |    10 |     1 ||    11
  Throw: Javelin           |     4 |       ||     4
    Use: Scroll            |     2 |       ||     2
   Stab: Sleeping          |     5 |       ||     5
 Armour: Skin              |    36 |     3 ||    39
  Dodge: Dodged            |    50 |     2 ||    52

Table legend: (Time is in decaauts)
 A = Elapsed time spent in this place.
 B = Non-inter-level travel time spent in this place.
 C = Inter-level travel time spent in this place.
 D = Time resting spent in this place.
 E = Time spent auto-exploring this place.
 F = Levels seen in this place.
 G = Mean time per level.
                   A        B        C        D        E       F      G
               +--------+--------+--------+--------+--------+-----+--------+
         Total |   1086 |   1086 |      0 |      0 |    611 |   2 |  543.0 |
       Dungeon |   1086 |   1086 |      0 |      0 |    611 |   2 |  543.0 |
               +--------+--------+--------+--------+--------+-----+--------+

Top non-repeatable levels by time:
     D:1: 586 daAuts
     D:2: 500 daAuts
